Bruins vs Senateurs
(R1)
Created - May 7, 2019 at 19:03
Goals
|
| Bruins |
0 |
0 |
1 |
1 |
| Senateurs |
1 |
0 |
4 |
5 |
|
Shots
|
| Bruins |
9 |
2 |
14 |
25 |
| Senateurs |
15 |
8 |
12 |
35 |
|
1st period
1. Senateurs , Dan Hamhuis 15 (Marian Hossa 31, Evgeni Malkin 59) at 12:49 (PP)
Penalties :
Cody Franson (Ott) for Hooking (Minor) at 7:24, Jonathan Toews (Bos) for Holding (Minor) at 12:37, Shane O'Brien (Bos) for Holding (Minor) at 19:38
2nd period
No Goal
Penalties :
Victor Oreskovich (Bos) for High sticking (Minor) at 5:27, Alexander Frolov (Bos) for Hooking (Minor) at 14:44
3rd period
2. Senateurs , Evgeni Malkin 43 (Daniel Briere 46, Colby Armstrong 26) at 1:00 (PP)
3. Senateurs , Brandon Dubinsky 13 (Martin Erat 4, Brooks Orpik 11) at 13:16
4. Bruins , Wojtek Wolski 45 (Jonathan Toews 54, Shane O'Brien 27) at 13:38
5. Senateurs , Marian Hossa 14 (Thomas Vanek 47, Dan Hamhuis 29) at 13:50
6. Senateurs , Evgeni Malkin 44 (Thomas Vanek 48, Marian Hossa 32) at 18:02 (PP)
Penalties :
Shane O'Brien (Bos) for Slashing (Double Minor) at 0:22, Alexander Frolov (Bos) for Hooking (Minor) at 4:19, Kris Chucko (Bos) for High sticking (Minor) at 14:45, Kevin Bieksa (Bos) for Roughing (Minor) at 17:52
Goalie Stats
Kevin Poulin (Bos), 30 saves from 35 shots - (0.857), L, 30-36-5, 60:00 minutes
Ondrej Pavelec (Ott), 24 saves from 25 shots - (0.960), W, 32-26-4, 60:00 minutes
Players Stats for Bruins
Player Name G A P +/- PIM S H SB GA TA FO MP PP MP PK MP
------------------------------------------------------------------------------------
Alexander Frolov 0 0 0 0 4 2 1 0 1 1 0/0 18:48 0:55 3:43
Brendan Smith 0 0 0 -1 0 1 0 2 0 2 0/0 20:06 0:50 6:12
Casey Cizikas 0 0 0 0 0 2 0 0 0 1 5/7 12:45 0:00 0:39
Chris Thorburn 0 0 0 0 0 1 1 0 0 0 0/0 5:17 0:00 0:00
Dave Bolland 0 0 0 0 0 1 0 0 1 0 5/10 15:17 0:55 0:00
Jason Demers 0 0 0 0 0 0 1 1 0 1 0/0 29:12 1:09 6:52
Jonathan Toews 0 1 1 -1 2 2 0 1 2 0 12/29 21:08 1:04 6:59
Kevin Bieksa 0 0 0 0 2 0 1 0 1 0 0/0 11:13 0:00 0:00
Kris Chucko 0 0 0 0 2 2 1 0 2 0 0/0 12:02 0:00 0:04
Nathan Horton 0 0 0 -1 0 1 1 0 0 0 1/1 17:42 1:04 3:34
Rene Bourque 0 0 0 0 0 3 1 0 2 0 1/1 12:06 0:00 0:00
Ron Hainsey 0 0 0 0 0 1 0 3 0 0 0/0 14:13 0:00 2:33
Shane O'Brien 0 1 1 0 6 1 0 2 0 1 0/0 21:25 1:09 3:26
Stefan Elliott 0 0 0 0 0 0 0 0 0 0 0/0 4:56 0:00 0:53
T.J Galiardi 0 0 0 0 0 1 2 0 0 0 0/0 9:37 0:00 3:31
Torey Krug 0 0 0 -1 0 1 3 1 0 0 0/0 19:34 0:50 6:02
Victor Oreskovich 0 0 0 0 2 0 2 0 0 0 0/0 15:55 0:55 0:00
Wojtek Wolski 1 0 1 -1 0 6 0 1 0 2 5/18 25:42 1:04 7:08
Players Stats for Senateurs
Player Name G A P +/- PIM S H SB GA TA FO MP PP MP PK MP
------------------------------------------------------------------------------------
Brandon Dubinsky 1 0 1 1 0 2 0 0 0 0 1/3 9:12 0:00 0:22
Brooks Orpik 0 1 1 1 0 2 1 0 1 1 0/0 13:00 0:00 1:14
Carlo Colaiacovo 0 0 0 0 0 0 1 0 0 1 0/0 20:54 4:34 0:45
Chris Kunitz 0 0 0 1 0 1 0 0 0 1 1/1 9:12 0:00 0:22
Cody Franson 0 0 0 0 2 0 2 5 1 1 0/0 26:52 8:20 0:00
Cody Hodgson 0 0 0 0 0 0 2 0 0 0 2/8 10:49 0:13 0:00
Colby Armstrong 0 1 1 0 0 4 2 0 0 0 1/1 16:53 5:32 0:00
Dan Hamhuis 1 1 2 0 0 1 3 4 1 0 0/0 27:57 8:20 1:14
Daniel Briere 0 1 1 0 0 5 0 3 1 0 13/18 18:42 5:32 1:02
Evgeni Malkin 2 1 3 0 0 9 1 0 2 0 17/30 22:31 7:09 1:02
Karl Alzner 0 0 0 1 0 0 2 1 0 3 0/0 16:15 4:34 0:45
Marian Hossa 1 2 3 0 0 4 2 0 0 0 0/2 21:17 7:09 0:35
Martin Erat 0 1 1 1 0 0 2 0 0 0 0/1 9:13 0:10 0:00
Radim Vrbata 0 0 0 0 0 1 1 0 0 0 0/0 10:52 0:16 0:00
Ramzi Abid 0 0 0 0 0 0 4 0 0 0 0/0 16:53 5:32 0:00
Sergei Kostitsyn 0 0 0 0 0 3 0 0 0 1 0/0 10:23 0:00 0:00
Thomas Vanek 0 2 2 0 0 2 1 0 1 1 2/2 21:17 7:09 0:35
Vladimir Mihalik 0 0 0 0 0 1 2 2 1 0 0/0 15:48 0:00 0:00
3 Stars
1 - Evgeni Malkin (Ott)
2 - Marian Hossa (Ott)
3 - Dan Hamhuis (Ott)
Power Play
Bruins - 0 on 1 Attempt(s) - 0.00%
Senateurs - 3 on 9 Attempt(s) - 33.33%
Penalty Kill
Bruins - 6 on 9 Attempt(s) - 66.67%
- Score 0 goal in Penalty Kill
Senateurs - 1 on 1 Attempt(s) - 100.00%
- Score 0 goal in Penalty Kill
Team Stat
Bruins - Hits : 14 - Faceoff Wins : 29 - Blocked Shots : 11 - Penalty Minutes : 18
Senateurs - Hits : 26 - Faceoff Wins : 37 - Blocked Shots : 15 - Penalty Minutes : 2
Official
Referees : Unknown
Linesman : Unknown
Game Notes
13:17 of 2nd period - Senateurs goal is going for a video replay. After video review, No Goal. The referee deems the play has been stopped, even if he had not physically had the opportunity to stop play by blowing his whistle.
10:22 of 3rd period - Senateurs goal is going for a video replay. After video review, No Goal. The puck has entered the net after making contact with an attacking player’s stick that is above the height of the crossbar.
Finance
Level 1 -- Attendance: 5281 (88.02%) -- Ticket Income $438,323
Level 2 -- Attendance: 4551 (91.02%) -- Ticket Income $241,203
Level 3 -- Attendance: 2000 (100.00%) -- Ticket Income $66,000
Level 4 -- Attendance: 4000 (100.00%) -- Ticket Income $92,000
Luxury Box -- Attendance: 967 (96.70%) -- Ticket Income $149,885
Game was played at the Place Banque Scotia.
Total Attendance: 16799 (93.33%)
Total Ticket Income: $987,411
Other Income: $148,112
Total Income: $1,135,523
Bruins
5 vs 5 Forward
Center Left Wing Right Wing Time % Phy DF OF
1 Jonathan Toews Wojtek Wolski Nathan Horton 40 1 2 2
2 Dave Bolland Alexander Frolov Victor Oreskovich 30 1 2 2
3 Casey Cizikas Kris Chucko Rene Bourque 20 1 2 2
4 Wojtek Wolski T.J Galiardi Chris Thorburn 10 1 2 2
5 vs 5 Defense
Defense Defense Time % Phy DF OF
1 Jason Demers Shane O'Brien 40 1 2 2
2 Brendan Smith Torey Krug 30 1 2 2
3 Kevin Bieksa Ron Hainsey 20 1 2 2
4 Stefan Elliott Jason Demers 10 1 2 2
PowerPlay Forward
Center Left Wing Right Wing Time % Phy DF OF
1 Jonathan Toews Wojtek Wolski Nathan Horton 60 1 2 2
2 Dave Bolland Alexander Frolov Victor Oreskovich 40 1 2 2
PowerPlay Defense
Defense Defense Time % Phy DF OF
1 Jason Demers Shane O'Brien 60 1 2 2
2 Brendan Smith Torey Krug 40 1 2 2
Penalty Kill 4 Players Forward
Center Wing Time % Phy DF OF
1 Wojtek Wolski Jonathan Toews 60 1 2 2
2 Alexander Frolov Nathan Horton 40 1 2 2
Penalty Kill 4 Players Defense
Defense Defense Time % Phy DF OF
1 Jason Demers Shane O'Brien 60 1 2 2
2 Brendan Smith Torey Krug 40 1 2 2
Penalty Kill - 3 Players Forward
Forward Time % Phy DF OF
1 Wojtek Wolski 60 1 2 2
2 Jonathan Toews 40 1 2 2
Penalty Kill - 3 Players Defense
Defense Defense Time % Phy DF OF
1 Jason Demers Shane O'Brien 60 1 2 2
2 Brendan Smith Torey Krug 40 1 2 2
4 vs 4 Forward
Center Wing Time % Phy DF OF
1 Wojtek Wolski Jonathan Toews 60 1 2 2
2 Alexander Frolov Nathan Horton 40 1 2 2
4 vs 4 Defense
Defense Defense Time % Phy DF OF
1 Jason Demers Shane O'Brien 60 1 2 2
2 Brendan Smith Torey Krug 40 1 2 2
Last Minutes Offensive
Center Left Wing Right Wing Defense Defense
Jonathan Toews Wojtek Wolski Nathan Horton Jason Demers Shane O'Brien
Last Minutes Defensive
Center Left Wing Right Wing Defense Defense
Jonathan Toews Wojtek Wolski Nathan Horton Jason Demers Shane O'Brien
Goaltenders
Starting : Kevin Poulin
Backup : Craig Anderson
Extra Forwards
Normal : Rene Bourque, Kris Chucko, T.J Galiardi - PP : Rene Bourque, Kris Chucko - PK : T.J Galiardi
Extra Defensemen
Normal : Kevin Bieksa, Ron Hainsey, Stefan Elliott - PP : Kevin Bieksa - PK : Ron Hainsey, Stefan Elliott
Penalty Shots
Wojtek Wolski, Jonathan Toews, Alexander Frolov, Nathan Horton, Victor Oreskovich
Scratches
Henrik Sedin (Strained Left Knee Injury)
Senateurs
5 vs 5 Forward
Center Left Wing Right Wing Time % Phy DF OF
1 Evgeni Malkin Thomas Vanek Marian Hossa 40 1 2 2
2 Daniel Briere Ramzi Abid Colby Armstrong 30 1 2 2
3 Cody Hodgson Sergei Kostitsyn Radim Vrbata 20 1 2 2
4 Brandon Dubinsky Chris Kunitz Martin Erat 10 1 2 2
5 vs 5 Defense
Defense Defense Time % Phy DF OF
1 Dan Hamhuis Cody Franson 40 1 2 2
2 Carlo Colaiacovo Vladimir Mihalik 30 1 2 2
3 Karl Alzner Brooks Orpik 20 1 2 2
4 Cody Franson Dan Hamhuis 10 1 2 2
PowerPlay Forward
Center Left Wing Right Wing Time % Phy DF OF
1 Evgeni Malkin Thomas Vanek Marian Hossa 60 1 2 2
2 Daniel Briere Ramzi Abid Colby Armstrong 40 1 2 2
PowerPlay Defense
Defense Defense Time % Phy DF OF
1 Dan Hamhuis Cody Franson 60 1 2 2
2 Karl Alzner Carlo Colaiacovo 40 1 2 2
Penalty Kill 4 Players Forward
Center Wing Time % Phy DF OF
1 Evgeni Malkin Daniel Briere 60 1 2 2
2 Thomas Vanek Marian Hossa 40 1 2 2
Penalty Kill 4 Players Defense
Defense Defense Time % Phy DF OF
1 Dan Hamhuis Cody Franson 60 1 2 2
2 Karl Alzner Carlo Colaiacovo 40 1 2 2
Penalty Kill - 3 Players Forward
Forward Time % Phy DF OF
1 Evgeni Malkin 60 1 2 2
2 Daniel Briere 40 1 2 2
Penalty Kill - 3 Players Defense
Defense Defense Time % Phy DF OF
1 Dan Hamhuis Cody Franson 60 1 2 2
2 Karl Alzner Carlo Colaiacovo 40 1 2 2
4 vs 4 Forward
Center Wing Time % Phy DF OF
1 Evgeni Malkin Daniel Briere 60 1 2 2
2 Thomas Vanek Marian Hossa 40 1 2 2
4 vs 4 Defense
Defense Defense Time % Phy DF OF
1 Dan Hamhuis Cody Franson 60 1 2 2
2 Karl Alzner Carlo Colaiacovo 40 1 2 2
Last Minutes Offensive
Center Left Wing Right Wing Defense Defense
Evgeni Malkin Thomas Vanek Marian Hossa Dan Hamhuis Cody Franson
Last Minutes Defensive
Center Left Wing Right Wing Defense Defense
Evgeni Malkin Thomas Vanek Marian Hossa Dan Hamhuis Cody Franson
Goaltenders
Starting : Ondrej Pavelec
Backup : Jeff Deslauriers
Extra Forwards
Normal : Radim Vrbata, Cody Hodgson, Brandon Dubinsky - PP : Radim Vrbata, Cody Hodgson - PK : Brandon Dubinsky
Extra Defensemen
Normal : Vladimir Mihalik, Cody Franson, Carlo Colaiacovo - PP : Vladimir Mihalik - PK : Brooks Orpik, Karl Alzner
Penalty Shots
Evgeni Malkin, Daniel Briere, Thomas Vanek, Marian Hossa, Colby Armstrong
Scratches
Ian Cole (Healthy)
% Time on Ice - Bruins
Lines # - Real PCT - Wanted PCT - Time Play
Normal Forward
1 - 31% - 40% - 13:54
2 - 32% - 30% - 14:22
3 - 26% - 20% - 11:34
4 - 12% - 10% - 5:17
Normal Defense
1 - 38% - 40% - 17:08
2 - 28% - 30% - 12:42
3 - 25% - 20% - 11:14
4 - 9% - 10% - 4:03
PP Forward
1 - 54% - 60% - 1:04
2 - 46% - 40% - 0:55
PP Defense
1 - 58% - 60% - 1:09
2 - 42% - 40% - 0:50
PK Forward
1 - 72% - 60% - 9:20
2 - 28% - 40% - 3:34
PK Defense
1 - 53% - 60% - 6:52
2 - 47% - 40% - 6:02
PK3 Forward
1 - 0% - 60%
2 - 0% - 40%
PK3 Defense
1 - 0% - 60%
2 - 0% - 40%
44 Forward
1 - 0% - 60%
2 - 0% - 40%
44 Defense
1 - 0% - 60%
2 - 0% - 40%
Last Minute Offensive - 0:00
Last Minute Defensive - 0:00
Total
Forward - 60:00
Defense - 60:00
|
% Time on Ice - Senateurs
Lines # - Real PCT - Wanted PCT - Time Play
Normal Forward
1 - 32% - 40% - 14:20
2 - 26% - 30% - 11:34
3 - 23% - 20% - 10:23
4 - 20% - 10% - 8:50
Normal Defense
1 - 40% - 40% - 17:52
2 - 36% - 30% - 16:13
3 - 22% - 20% - 10:04
4 - 2% - 10% - 0:58
PP Forward
1 - 57% - 60% - 7:19
2 - 43% - 40% - 5:35
PP Defense
1 - 65% - 60% - 8:20
2 - 35% - 40% - 4:34
PK Forward
1 - 71% - 60% - 1:24
2 - 29% - 40% - 0:35
PK Defense
1 - 62% - 60% - 1:14
2 - 38% - 40% - 0:45
PK3 Forward
1 - 0% - 60%
2 - 0% - 40%
PK3 Defense
1 - 0% - 60%
2 - 0% - 40%
44 Forward
1 - 0% - 60%
2 - 0% - 40%
44 Defense
1 - 0% - 60%
2 - 0% - 40%
Last Minute Offensive - 0:00
Last Minute Defensive - 0:00
Total
Forward - 60:00
Defense - 60:00
|
Play-by-Play
1st period
0:01 of 1st period - Evgeni Malkin wins face-off versus Jonathan Toews in neutral zone.
0:06 of 1st period - Wrist shot by Evgeni Malkin.
0:06 of 1st period - Shot Blocked by Jason Demers.
0:08 of 1st period - Snap shot by Evgeni Malkin.
0:08 of 1st period - Shot Misses the Net.
0:10 of 1st period - Wrist shot by Marian Hossa.
0:10 of 1st period - Deflect By Evgeni Malkin.
0:10 of 1st period - Shot Misses the Net.
0:10 of 1st period - Puck is out of play.
0:11 of 1st period - Daniel Briere wins face-off versus Dave Bolland in Bruins zone.
0:18 of 1st period - Snap shot by Daniel Briere.
0:18 of 1st period - Stopped by Kevin Poulin without a rebound.
0:19 of 1st period - Daniel Briere wins face-off versus Dave Bolland in Bruins zone.
0:24 of 1st period - Snap shot by Daniel Briere.
0:24 of 1st period - Shot Misses the Net.
0:26 of 1st period - Snap shot by Daniel Briere.
0:26 of 1st period - Stopped by Kevin Poulin with a rebound.
0:28 of 1st period - Wrist shot by Colby Armstrong.
0:28 of 1st period - Deflect By Daniel Briere.
0:28 of 1st period - Shot Misses the Net.
0:28 of 1st period - Puck is out of play.
0:29 of 1st period - Casey Cizikas wins face-off versus Cody Hodgson in Bruins zone.
1:17 of 1st period - Wrist shot by Martin Erat.
1:17 of 1st period - Shot Misses the Net.
2:07 of 1st period - Cody Franson is hit by Chris Thorburn and loses puck.
2:14 of 1st period - Torey Krug is hit by Colby Armstrong and loses puck.
2:25 of 1st period - Wrist shot by Victor Oreskovich.
2:25 of 1st period - Shot Misses the Net.
2:35 of 1st period - Wrist shot by Evgeni Malkin.
2:35 of 1st period - Stopped by Kevin Poulin without a rebound.
2:36 of 1st period - Jonathan Toews wins face-off versus Cody Hodgson in Bruins zone.
3:23 of 1st period - Slapshot by Vladimir Mihalik.
3:23 of 1st period - Stopped by Kevin Poulin without a rebound.
3:24 of 1st period - Rene Bourque wins face-off versus Brandon Dubinsky in Bruins zone.
3:37 of 1st period - Snap shot by Chris Kunitz.
3:37 of 1st period - Stopped by Kevin Poulin without a rebound.
3:38 of 1st period - Evgeni Malkin wins face-off versus Jonathan Toews in Bruins zone.
3:51 of 1st period - Slapshot by Wojtek Wolski.
3:51 of 1st period - Stopped by Ondrej Pavelec with a rebound.
4:12 of 1st period - Snap shot by Alexander Frolov.
4:12 of 1st period - Stopped by Ondrej Pavelec with a rebound.
4:14 of 1st period - Slapshot by Jason Demers.
4:14 of 1st period - Shot Blocked by Karl Alzner.
4:28 of 1st period - Brooks Orpik is hit by Kris Chucko and loses puck.
4:47 of 1st period - Carlo Colaiacovo is hit by Torey Krug and loses puck.
4:51 of 1st period - Icing by Thomas Vanek.
4:52 of 1st period - Evgeni Malkin wins face-off versus Wojtek Wolski in Senateurs zone.
5:19 of 1st period - Cody Franson is hit by T.J Galiardi and loses puck.
5:26 of 1st period - Wojtek Wolski is hit by Evgeni Malkin and loses puck.
5:32 of 1st period - Icing by Jason Demers.
5:33 of 1st period - Daniel Briere wins face-off versus Wojtek Wolski in Bruins zone.
5:38 of 1st period - Snap shot by Ramzi Abid.
5:38 of 1st period - Shot Blocked by Shane O'Brien.
5:40 of 1st period - Slapshot by Carlo Colaiacovo.
5:40 of 1st period - Shot Misses the Net.
6:12 of 1st period - Jason Demers is hit by Dan Hamhuis and loses puck.
6:58 of 1st period - Icing by Karl Alzner.
6:59 of 1st period - Daniel Briere wins face-off versus Dave Bolland in Senateurs zone.
7:15 of 1st period - Off-side.
7:16 of 1st period - Jonathan Toews wins face-off versus Evgeni Malkin in neutral zone.
7:24 of 1st period - Minor Penalty to Cody Franson for Hooking.
7:25 of 1st period - Jonathan Toews wins face-off versus Evgeni Malkin in Senateurs zone.
9:24 of 1st period - Penalty to Cody Franson is over, Cody Franson is back on ice.
10:33 of 1st period - Wrist shot by Sergei Kostitsyn.
10:33 of 1st period - Stopped by Kevin Poulin with a rebound.
11:08 of 1st period - Snap shot by Chris Kunitz.
11:08 of 1st period - Shot Misses the Net.
11:46 of 1st period - Carlo Colaiacovo is hit by Victor Oreskovich.
12:08 of 1st period - Snap shot by Alexander Frolov.
12:08 of 1st period - Deflect By Vladimir Mihalik.
12:08 of 1st period - Stopped by Ondrej Pavelec with a rebound.
12:10 of 1st period - Wrist shot by Victor Oreskovich.
12:10 of 1st period - Deflect By Vladimir Mihalik.
12:10 of 1st period - Shot Blocked by Vladimir Mihalik.
12:10 of 1st period - Puck is out of play.
12:11 of 1st period - Wojtek Wolski wins face-off versus Cody Hodgson in Senateurs zone.
12:12 of 1st period - Snap shot by Jonathan Toews.
12:12 of 1st period - Stopped by Ondrej Pavelec with a rebound.
12:14 of 1st period - Snap shot by Nathan Horton.
12:14 of 1st period - Stopped by Ondrej Pavelec without a rebound.
12:15 of 1st period - Cody Hodgson wins face-off versus Jonathan Toews in Senateurs zone.
12:20 of 1st period - Torey Krug is hit by Cody Hodgson and loses puck.
12:37 of 1st period - Minor Penalty to Jonathan Toews for Holding.
12:38 of 1st period - Evgeni Malkin wins face-off versus Wojtek Wolski in Bruins zone.
12:39 of 1st period - Slapshot by Marian Hossa.
12:39 of 1st period - Stopped by Kevin Poulin without a rebound.
12:40 of 1st period - Evgeni Malkin wins face-off versus Wojtek Wolski in Bruins zone.
12:45 of 1st period - Slapshot by Thomas Vanek.
12:45 of 1st period - Stopped by Kevin Poulin without a rebound.
12:46 of 1st period - Evgeni Malkin wins face-off versus Wojtek Wolski in Bruins zone.
12:47 of 1st period - Wrist shot by Marian Hossa.
12:47 of 1st period - Stopped by Kevin Poulin with a rebound.
12:49 of 1st period - Backhand shot by Dan Hamhuis.
12:49 of 1st period - Goal by Dan Hamhuis - Bruins : 0 - Senateurs : 1.
12:50 of 1st period - Daniel Briere wins face-off versus Jonathan Toews in neutral zone.
14:43 of 1st period - Wrist shot by Radim Vrbata.
14:43 of 1st period - Shot Blocked by Ron Hainsey.
14:45 of 1st period - Snap shot by Cody Hodgson.
14:45 of 1st period - Shot Misses the Net.
14:51 of 1st period - Snap shot by Radim Vrbata.
14:51 of 1st period - Shot Blocked by Ron Hainsey.
15:10 of 1st period - Icing by Wojtek Wolski.
15:11 of 1st period - Evgeni Malkin wins face-off versus Jonathan Toews in Bruins zone.
15:16 of 1st period - Slapshot by Evgeni Malkin.
15:16 of 1st period - Stopped by Kevin Poulin without a rebound.
15:17 of 1st period - Jonathan Toews wins face-off versus Evgeni Malkin in Bruins zone.
15:22 of 1st period - Slapshot by Evgeni Malkin.
15:22 of 1st period - Deflect By Marian Hossa.
15:22 of 1st period - Shot Misses the Net.
15:22 of 1st period - Puck is out of play.
15:23 of 1st period - Evgeni Malkin wins face-off versus Jonathan Toews in Bruins zone.
15:50 of 1st period - Snap shot by Rene Bourque.
15:50 of 1st period - Stopped by Ondrej Pavelec without a rebound.
15:51 of 1st period - Daniel Briere wins face-off versus Casey Cizikas in Senateurs zone.
15:51 of 1st period - Daniel Briere is hit by Rene Bourque.
16:16 of 1st period - Wrist shot by Sergei Kostitsyn.
16:16 of 1st period - Stopped by Kevin Poulin with a rebound.
16:18 of 1st period - Snap shot by Radim Vrbata.
16:18 of 1st period - Stopped by Kevin Poulin with a rebound.
16:42 of 1st period - Snap shot by Nathan Horton.
16:42 of 1st period - Shot Blocked by Cody Franson.
16:44 of 1st period - Slapshot by Torey Krug.
16:44 of 1st period - Stopped by Ondrej Pavelec with a rebound.
16:52 of 1st period - Wrist shot by Wojtek Wolski.
16:52 of 1st period - Stopped by Ondrej Pavelec with a rebound.
18:10 of 1st period - Slapshot by Rene Bourque.
18:10 of 1st period - Shot Misses the Net.
18:33 of 1st period - Snap shot by Dave Bolland.
18:33 of 1st period - Stopped by Ondrej Pavelec without a rebound.
18:34 of 1st period - Colby Armstrong wins face-off versus Dave Bolland in Senateurs zone.
18:39 of 1st period - Snap shot by Daniel Briere.
18:39 of 1st period - Stopped by Kevin Poulin without a rebound.
18:40 of 1st period - Dave Bolland wins face-off versus Marian Hossa in Bruins zone.
18:47 of 1st period - Evgeni Malkin is hit by Kevin Bieksa and loses puck.
19:23 of 1st period - Snap shot by Brandon Dubinsky.
19:23 of 1st period - Deflect By Chris Kunitz.
19:23 of 1st period - Shot Blocked by Ron Hainsey.
19:23 of 1st period - Puck is out of play.
19:24 of 1st period - Chris Kunitz wins face-off versus Jonathan Toews in Bruins zone.
19:25 of 1st period - Snap shot by Brandon Dubinsky.
19:25 of 1st period - Stopped by Kevin Poulin without a rebound.
19:26 of 1st period - Brandon Dubinsky wins face-off versus Jonathan Toews in Bruins zone.
19:27 of 1st period - Wrist shot by Chris Kunitz.
19:27 of 1st period - Shot Blocked by Shane O'Brien.
19:38 of 1st period - Minor Penalty to Shane O'Brien for Holding.
19:39 of 1st period - Wojtek Wolski wins face-off versus Evgeni Malkin in Bruins zone.
Goals for this period are 0 for Bruins vs 1 for Senateurs.
Shots for this period are 9 for Bruins vs 15 for Senateurs.
2nd period
0:01 of 2nd period - Evgeni Malkin wins face-off versus Wojtek Wolski in neutral zone.
1:38 of 2nd period - Penalty to Shane O'Brien is over, Shane O'Brien is back on ice.
1:39 of 2nd period - Icing by Cody Franson.
1:40 of 2nd period - Casey Cizikas wins face-off versus Daniel Briere in Senateurs zone.
2:19 of 2nd period - Off-side.
2:20 of 2nd period - Jonathan Toews wins face-off versus Evgeni Malkin in neutral zone.
2:53 of 2nd period - Snap shot by Evgeni Malkin.
2:53 of 2nd period - Stopped by Kevin Poulin with a rebound.
2:57 of 2nd period - Snap shot by Thomas Vanek.
2:57 of 2nd period - Shot Misses the Net.
3:45 of 2nd period - Slapshot by Evgeni Malkin.
3:45 of 2nd period - Stopped by Kevin Poulin without a rebound.
3:46 of 2nd period - Dave Bolland wins face-off versus Daniel Briere in Bruins zone.
3:46 of 2nd period - Dave Bolland is hit by Colby Armstrong.
3:51 of 2nd period - Brendan Smith is hit by Dan Hamhuis and loses puck.
4:02 of 2nd period - Slapshot by Daniel Briere.
4:02 of 2nd period - Shot Blocked by Brendan Smith.
4:20 of 2nd period - Slapshot by Brendan Smith.
4:20 of 2nd period - Stopped by Ondrej Pavelec with a rebound.
4:23 of 2nd period - Icing by Karl Alzner.
4:24 of 2nd period - Casey Cizikas wins face-off versus Cody Hodgson in Senateurs zone.
4:48 of 2nd period - Ron Hainsey is hit by Karl Alzner and loses puck.
5:01 of 2nd period - Wrist shot by Sergei Kostitsyn.
5:01 of 2nd period - Shot Misses the Net.
5:03 of 2nd period - Wrist shot by Brooks Orpik.
5:03 of 2nd period - Stopped by Kevin Poulin with a rebound.
5:05 of 2nd period - Wrist shot by Brooks Orpik.
5:05 of 2nd period - Stopped by Kevin Poulin without a rebound.
5:06 of 2nd period - Daniel Briere wins face-off versus Dave Bolland in Bruins zone.
5:27 of 2nd period - Minor Penalty to Victor Oreskovich for High sticking.
5:28 of 2nd period - Wojtek Wolski wins face-off versus Evgeni Malkin in Bruins zone.
6:36 of 2nd period - Daniel Briere is hit by Torey Krug and loses puck.
6:49 of 2nd period - Marian Hossa is hit by Alexander Frolov and loses puck.
7:27 of 2nd period - Penalty to Victor Oreskovich is over, Victor Oreskovich is back on ice.
7:30 of 2nd period - Alexander Frolov is hit by Martin Erat.
7:40 of 2nd period - Ron Hainsey is hit by Karl Alzner and loses puck.
8:22 of 2nd period - Snap shot by Wojtek Wolski.
8:22 of 2nd period - Stopped by Ondrej Pavelec with a rebound.
9:25 of 2nd period - Brandon Dubinsky is hit by Torey Krug and loses puck.
9:36 of 2nd period - Shane O'Brien is hit by Ramzi Abid and loses puck.
10:34 of 2nd period - Dave Bolland is hit by Vladimir Mihalik and loses puck.
11:15 of 2nd period - Jason Demers is hit by Ramzi Abid and loses puck.
11:46 of 2nd period - Casey Cizikas is hit by Dan Hamhuis.
12:02 of 2nd period - Snap shot by Sergei Kostitsyn.
12:02 of 2nd period - Stopped by Kevin Poulin without a rebound.
12:03 of 2nd period - Cody Hodgson wins face-off versus Jonathan Toews in Bruins zone.
12:16 of 2nd period - Wrist shot by Radim Vrbata.
12:16 of 2nd period - Shot Misses the Net.
13:01 of 2nd period - Slapshot by Vladimir Mihalik.
13:01 of 2nd period - Deflect By Marian Hossa.
13:01 of 2nd period - Shot Misses the Net.
13:01 of 2nd period - Puck is out of play.
13:02 of 2nd period - Daniel Briere wins face-off versus Wojtek Wolski in Bruins zone.
13:07 of 2nd period - Wrist shot by Colby Armstrong.
13:07 of 2nd period - Shot Blocked by Brendan Smith.
13:09 of 2nd period - Snap shot by Colby Armstrong.
13:09 of 2nd period - Stopped by Kevin Poulin with a rebound.
13:13 of 2nd period - Snap shot by Colby Armstrong.
13:13 of 2nd period - Stopped by Kevin Poulin with a rebound.
13:15 of 2nd period - Wrist shot by Colby Armstrong.
13:15 of 2nd period - Shot Blocked by Torey Krug.
13:17 of 2nd period - Snap shot by Daniel Briere.
13:17 of 2nd period - Senateurs goal is going for a video replay.
13:17 of 2nd period - The goal is refused. The referee deems the play has been stopped, even if he had not physically had the opportunity to stop play by blowing his whistle..
13:18 of 2nd period - Dave Bolland wins face-off versus Cody Hodgson in Bruins zone.
13:27 of 2nd period - Snap shot by Alexander Frolov.
13:27 of 2nd period - Shot Misses the Net.
13:29 of 2nd period - Wrist shot by Alexander Frolov.
13:29 of 2nd period - Shot Blocked by Dan Hamhuis.
13:31 of 2nd period - Backhand shot by Dave Bolland.
13:31 of 2nd period - Shot Blocked by Cody Franson.
13:33 of 2nd period - Wrist shot by Dave Bolland.
13:33 of 2nd period - Shot Misses the Net.
13:35 of 2nd period - Snap shot by Dave Bolland.
13:35 of 2nd period - Shot Blocked by Dan Hamhuis.
13:45 of 2nd period - Jonathan Toews is hit by Thomas Vanek and loses puck.
14:44 of 2nd period - Minor Penalty to Alexander Frolov for Hooking.
14:45 of 2nd period - Thomas Vanek wins face-off versus Wojtek Wolski in Bruins zone.
14:55 of 2nd period - Backhand shot by Evgeni Malkin.
14:55 of 2nd period - Shot Misses the Net.
15:59 of 2nd period - Evgeni Malkin is hit by Nathan Horton and loses puck.
16:44 of 2nd period - Penalty to Alexander Frolov is over, Alexander Frolov is back on ice.
16:50 of 2nd period - Torey Krug is hit by Radim Vrbata and loses puck.
17:10 of 2nd period - Victor Oreskovich is hit by Vladimir Mihalik and loses puck.
18:02 of 2nd period - Jason Demers is hit by Cody Franson.
19:36 of 2nd period - Casey Cizikas is hit by Carlo Colaiacovo and loses puck.
Goals for this period are 0 for Bruins vs 0 for Senateurs.
Shots for this period are 2 for Bruins vs 8 for Senateurs.
3rd period
0:01 of 3rd period - Jonathan Toews wins face-off versus Evgeni Malkin in neutral zone.
0:16 of 3rd period - Snap shot by Thomas Vanek.
0:16 of 3rd period - Shot Hit the Post.
0:22 of 3rd period - Double Minor Penalty to Shane O'Brien for Slashing.
0:23 of 3rd period - Evgeni Malkin wins face-off versus Wojtek Wolski in Bruins zone.
1:00 of 3rd period - Snap shot by Evgeni Malkin.
1:00 of 3rd period - Goal by Evgeni Malkin - Bruins : 0 - Senateurs : 2.
1:01 of 3rd period - Evgeni Malkin wins face-off versus Wojtek Wolski in neutral zone.
1:26 of 3rd period - Ron Hainsey is hit by Ramzi Abid.
3:00 of 3rd period - Penalty to Shane O'Brien is over, Shane O'Brien is back on ice.
3:02 of 3rd period - Brendan Smith is hit by Marian Hossa and loses puck.
3:13 of 3rd period - Torey Krug is hit by Cody Franson.
3:26 of 3rd period - Icing by Dan Hamhuis.
3:27 of 3rd period - Dave Bolland wins face-off versus Brandon Dubinsky in Senateurs zone.
3:32 of 3rd period - Wrist shot by Victor Oreskovich.
3:32 of 3rd period - Shot Blocked by Dan Hamhuis.
3:34 of 3rd period - Backhand shot by Rene Bourque.
3:34 of 3rd period - Deflect By Victor Oreskovich.
3:34 of 3rd period - Shot Misses the Net.
3:34 of 3rd period - Puck is out of play.
3:35 of 3rd period - Nathan Horton wins face-off versus Daniel Briere in Senateurs zone.
3:38 of 3rd period - Slapshot by Jonathan Toews.
3:38 of 3rd period - Stopped by Ondrej Pavelec without a rebound.
3:39 of 3rd period - Daniel Briere wins face-off versus Jonathan Toews in Senateurs zone.
4:19 of 3rd period - Minor Penalty to Alexander Frolov for Hooking.
4:20 of 3rd period - Wojtek Wolski wins face-off versus Evgeni Malkin in Bruins zone.
4:20 of 3rd period - Wojtek Wolski is hit by Marian Hossa.
4:55 of 3rd period - Slapshot by Daniel Briere.
4:55 of 3rd period - Deflect By Colby Armstrong.
4:55 of 3rd period - Shot Misses the Net.
4:55 of 3rd period - Puck is out of play.
4:56 of 3rd period - Daniel Briere wins face-off versus Wojtek Wolski in Bruins zone.
5:03 of 3rd period - Slapshot by Daniel Briere.
5:03 of 3rd period - Stopped by Kevin Poulin without a rebound.
5:04 of 3rd period - Daniel Briere wins face-off versus Wojtek Wolski in Bruins zone.
5:09 of 3rd period - Snap shot by Daniel Briere.
5:09 of 3rd period - Shot Misses the Net.
6:19 of 3rd period - Penalty to Alexander Frolov is over, Alexander Frolov is back on ice.
6:25 of 3rd period - Dan Hamhuis is hit by Victor Oreskovich and loses puck.
6:48 of 3rd period - Snap shot by Cody Hodgson.
6:48 of 3rd period - Shot Misses the Net.
7:07 of 3rd period - Kevin Bieksa is hit by Brooks Orpik and loses puck.
7:12 of 3rd period - Slapshot by Chris Kunitz.
7:12 of 3rd period - Shot Misses the Net.
7:16 of 3rd period - Wrist shot by Brandon Dubinsky.
7:16 of 3rd period - Shot Misses the Net.
7:46 of 3rd period - Snap shot by Chris Thorburn.
7:46 of 3rd period - Stopped by Ondrej Pavelec with a rebound.
7:48 of 3rd period - Slapshot by Torey Krug.
7:48 of 3rd period - Deflect By T.J Galiardi.
7:48 of 3rd period - Stopped by Ondrej Pavelec without a rebound.
7:49 of 3rd period - Wojtek Wolski wins face-off versus Cody Hodgson in Senateurs zone.
8:10 of 3rd period - Snap shot by Rene Bourque.
8:10 of 3rd period - Shot Misses the Net.
8:12 of 3rd period - Wrist shot by Rene Bourque.
8:12 of 3rd period - Stopped by Ondrej Pavelec without a rebound.
8:13 of 3rd period - Casey Cizikas wins face-off versus Daniel Briere in Senateurs zone.
8:16 of 3rd period - Slapshot by Kris Chucko.
8:16 of 3rd period - Stopped by Ondrej Pavelec without a rebound.
8:17 of 3rd period - Casey Cizikas wins face-off versus Daniel Briere in Senateurs zone.
8:18 of 3rd period - Slapshot by Kris Chucko.
8:18 of 3rd period - Shot Blocked by Daniel Briere.
8:20 of 3rd period - Snap shot by Casey Cizikas.
8:20 of 3rd period - Shot Blocked by Cody Franson.
8:22 of 3rd period - Slapshot by Jason Demers.
8:22 of 3rd period - Shot Misses the Net.
8:24 of 3rd period - Snap shot by Casey Cizikas.
8:24 of 3rd period - Stopped by Ondrej Pavelec with a rebound.
8:26 of 3rd period - Slapshot by Kris Chucko.
8:26 of 3rd period - Shot Blocked by Daniel Briere.
8:28 of 3rd period - Slapshot by Casey Cizikas.
8:28 of 3rd period - Stopped by Ondrej Pavelec without a rebound.
8:29 of 3rd period - Jonathan Toews wins face-off versus Evgeni Malkin in Senateurs zone.
8:30 of 3rd period - Snap shot by Wojtek Wolski.
8:30 of 3rd period - Stopped by Ondrej Pavelec without a rebound.
8:31 of 3rd period - Evgeni Malkin wins face-off versus Jonathan Toews in Senateurs zone.
8:40 of 3rd period - Snap shot by Wojtek Wolski.
8:40 of 3rd period - Stopped by Ondrej Pavelec with a rebound.
8:42 of 3rd period - Snap shot by Jason Demers.
8:42 of 3rd period - Shot Blocked by Dan Hamhuis.
9:25 of 3rd period - Kris Chucko is hit by Cody Hodgson and loses puck.
10:10 of 3rd period - Backhand shot by Thomas Vanek.
10:10 of 3rd period - Stopped by Kevin Poulin without a rebound.
10:11 of 3rd period - Daniel Briere wins face-off versus Jonathan Toews in Bruins zone.
10:16 of 3rd period - Snap shot by Colby Armstrong.
10:16 of 3rd period - Stopped by Kevin Poulin without a rebound.
10:17 of 3rd period - Daniel Briere wins face-off versus Jonathan Toews in Bruins zone.
10:20 of 3rd period - Snap shot by Colby Armstrong.
10:20 of 3rd period - Shot Misses the Net.
10:22 of 3rd period - Snap shot by Colby Armstrong.
10:22 of 3rd period - Senateurs goal is going for a video replay.
10:22 of 3rd period - The goal is refused. The puck has entered the net after making contact with an attacking player’s stick that is above the height of the crossbar..
10:23 of 3rd period - Jonathan Toews wins face-off versus Marian Hossa in Bruins zone.
10:28 of 3rd period - Slapshot by Shane O'Brien.
10:28 of 3rd period - Stopped by Ondrej Pavelec with a rebound.
10:30 of 3rd period - Wrist shot by Jason Demers.
10:30 of 3rd period - Shot Misses the Net.
10:32 of 3rd period - Slapshot by Jason Demers.
10:32 of 3rd period - Shot Misses the Net.
11:00 of 3rd period - Icing by Dave Bolland.
11:01 of 3rd period - Dave Bolland wins face-off versus Evgeni Malkin in Bruins zone.
11:06 of 3rd period - Snap shot by Evgeni Malkin.
11:06 of 3rd period - Stopped by Kevin Poulin with a rebound.
11:56 of 3rd period - Snap shot by Chris Kunitz.
11:56 of 3rd period - Shot Misses the Net.
13:09 of 3rd period - Brendan Smith is hit by Martin Erat and loses puck.
13:16 of 3rd period - Snap shot by Brandon Dubinsky.
13:16 of 3rd period - Goal by Brandon Dubinsky - Bruins : 0 - Senateurs : 3.
13:17 of 3rd period - Jonathan Toews wins face-off versus Evgeni Malkin in neutral zone.
13:22 of 3rd period - Wrist shot by Wojtek Wolski.
13:22 of 3rd period - Shot Blocked by Cody Franson.
13:24 of 3rd period - Slapshot by Shane O'Brien.
13:24 of 3rd period - Deflect By Wojtek Wolski.
13:24 of 3rd period - Shot Misses the Net.
13:24 of 3rd period - Puck is out of play.
13:25 of 3rd period - Evgeni Malkin wins face-off versus Jonathan Toews in Senateurs zone.
13:38 of 3rd period - Snap shot by Wojtek Wolski.
13:38 of 3rd period - Goal by Wojtek Wolski - Bruins : 1 - Senateurs : 3.
13:39 of 3rd period - Evgeni Malkin wins face-off versus Jonathan Toews in neutral zone.
13:48 of 3rd period - Wrist shot by Thomas Vanek.
13:48 of 3rd period - Shot Blocked by Jonathan Toews.
13:50 of 3rd period - Snap shot by Marian Hossa.
13:50 of 3rd period - Goal by Marian Hossa - Bruins : 1 - Senateurs : 4.
13:51 of 3rd period - Jonathan Toews wins face-off versus Evgeni Malkin in neutral zone.
13:54 of 3rd period - Snap shot by Jason Demers.
13:54 of 3rd period - Shot Blocked by Cody Franson.
14:45 of 3rd period - Minor Penalty to Kris Chucko for High sticking.
14:46 of 3rd period - Evgeni Malkin wins face-off versus Jonathan Toews in Bruins zone.
14:49 of 3rd period - Snap shot by Evgeni Malkin.
14:49 of 3rd period - Stopped by Kevin Poulin with a rebound.
15:11 of 3rd period - Torey Krug is hit by Ramzi Abid and loses puck.
16:45 of 3rd period - Penalty to Kris Chucko is over, Kris Chucko is back on ice.
17:32 of 3rd period - Sergei Kostitsyn is hit by T.J Galiardi and loses puck.
17:52 of 3rd period - Minor Penalty to Kevin Bieksa for Roughing.
17:53 of 3rd period - Thomas Vanek wins face-off versus Wojtek Wolski in Bruins zone.
17:54 of 3rd period - Snap shot by Evgeni Malkin.
17:54 of 3rd period - Stopped by Kevin Poulin with a rebound.
17:58 of 3rd period - Wrist shot by Marian Hossa.
17:58 of 3rd period - Stopped by Kevin Poulin with a rebound.
18:00 of 3rd period - Wrist shot by Thomas Vanek.
18:00 of 3rd period - Shot Blocked by Wojtek Wolski.
18:02 of 3rd period - Snap shot by Evgeni Malkin.
18:02 of 3rd period - Goal by Evgeni Malkin - Bruins : 1 - Senateurs : 5.
18:03 of 3rd period - Evgeni Malkin wins face-off versus Jonathan Toews in neutral zone.
18:07 of 3rd period - Icing by Shane O'Brien.
18:08 of 3rd period - Jonathan Toews wins face-off versus Evgeni Malkin in Bruins zone.
18:36 of 3rd period - Slapshot by Dave Bolland.
18:36 of 3rd period - Shot Blocked by Daniel Briere.
18:44 of 3rd period - Slapshot by Daniel Briere.
18:44 of 3rd period - Shot Misses the Net.
18:52 of 3rd period - Ramzi Abid is hit by Jason Demers and loses puck.
19:07 of 3rd period - Snap shot by Rene Bourque.
19:07 of 3rd period - Stopped by Ondrej Pavelec without a rebound.
19:08 of 3rd period - Evgeni Malkin wins face-off versus Casey Cizikas in Senateurs zone.
19:29 of 3rd period - Slapshot by Torey Krug.
19:29 of 3rd period - Shot Blocked by Vladimir Mihalik.
19:46 of 3rd period - Backhand shot by Kris Chucko.
19:46 of 3rd period - Stopped by Ondrej Pavelec with a rebound.
19:48 of 3rd period - Snap shot by Ron Hainsey.
19:48 of 3rd period - Stopped by Ondrej Pavelec without a rebound.
19:49 of 3rd period - Jonathan Toews wins face-off versus Martin Erat in Senateurs zone.
Goals for this period are 1 for Bruins vs 4 for Senateurs.
Shots for this period are 14 for Bruins vs 12 for Senateurs.
Back to the Top